 Dungeon Crawl Stone Soup version bcrawl-1.21.3-16-g7f46a08de7 (webtiles) character file.

Game seed: 11083326403093595239

237 Chiseanne the Ducker (level 5, -2/41 HPs)
             Began as a Mummy Archaeologist on May 2, 2020.
             Slain by a sky beast (6 damage)
             ... on level 4 of the Dungeon.
             The game lasted 00:06:30 (3134 turns).

Chiseanne the Ducker (Mummy Archaeologist)          Turns: 3134, Time: 00:06:30

Health: -2/41      AC: 11    Str: 14    XL:     5   Next: 77%
Magic:  5/5        EV: 11    Int: 15    God:
Gold:   208        SH:  0    Dex: 10    Spells: 4/4 levels left

rFire    x . .     SeeInvis .   a - +1 hand axe
rCold    + . .     Gourm    .   (no shield)
rNeg     + + +     Faith    .   i - +0 ring mail (curse)
rPois    ∞         Spirit   .   c - +1 hat
rElec    .         Reflect  .   g - +1 cloak
rCorr    .         Harm     .   f - +0 pair of gloves (curse)
MR       .....     Clarity  +   d - +1 pair of boots
Stlth    +.........             (no amulet)
HPRegen  0.13/turn              (no ring)
MPRegen  0.09/turn              (no ring)

@: studying Poison Magic
A: no food or potions, fire vulnerability, clarity, cold resistance 1, negative
energy resistance 3, torment resistance, unbreathing
a: no special abilities


You were on level 4 of the Dungeon.
You were not hungry.

You visited 1 branch of the dungeon, and saw 4 of its levels.

You collected 208 gold pieces.

Inventory:

Hand Weapons
 a - a +1 hand axe (weapon)
Missiles
 h - 843 arrows
 l - 81 bolts
 n - 15 needles of confusion
 o - 603 stones (quivered)
Armour
 c - a +1 hat (worn)
 d - a +1 pair of boots (worn)
 f - a cursed +0 pair of gloves (worn)
 g - a +1 cloak (worn)
 i - a cursed +0 ring mail (worn)
Scrolls
 e - 4 scrolls of magic mapping
 m - 5 scrolls of identify
Books
 b - a manual of Poison Magic


   Skills:
 * Level 3.4 Fighting
 * Level 1.4(1.5) Axes
   Level 0.7(1.2) Maces & Flails
 * Level 1.4 Armour
 * Level 3.8 Dodging
 - Level 2.6 Stealth


You had 4 spell levels left.
You didn't know any spells.
Your spell library was empty.

Dungeon Overview and Level Annotations

Branches:
Dungeon (4/12)
 Temple: D:4-7

Altars:

Annotations:
D:1 exclusion: downstairs
D:2 exclusion: ogre


Innate Abilities, Weirdness & Mutations

You do not eat or drink.
Your flesh is vulnerable to fire.
You are immune to poison.
You possess an exceptional clarity of mind.
Your flesh is cold resistant. (rC+)
You are immune to negative energy. (rN+++)
You are immune to unholy pain and torment.
You can survive without breathing.


Message History

You hit the sky beast.
The sky beast is severely wounded.
The sky beast barely misses you.
The orc wizard mumbles some strange words.
The orc wizard seems to speed up.
You hit the sky beast.
The sky beast is severely wounded.
The sky beast hits you.
* * * LOW HITPOINT WARNING * * *
The sky beast shocks you.
* * * LOW HITPOINT WARNING * * *
The sky beast misses you.
You hit the sky beast.
The sky beast is severely wounded.
The sky beast flickers out of sight!
Deactivating autopickup; reactivate with Ctrl-A.
Something hits you.
* * * LOW HITPOINT WARNING * * *
Something shocks you.
You die...

# .. .#.....# ##. ######.##
.......# #..# .........
.....$### ....# .........
....... .....
........#####....######.....
..[...... ...........#.>...
........#####..<..#.....####
⌠.....)){o{@?..............#
≈≈.......####.......<...##..
≈≈.......# #......%...# #..
≈≈....#..# #####......##..#
≈≈...###.# ###.....#..##
....# #.# #.........# # ...#
#.# ###.##.###### # .....
#.#####...# ...######
....#.......### ##......#


You could see an orc wizard.

Vanquished Creatures
  A crimson imp (D:4)
  2 worker ants
  3 adders (D:3)
  4 gnolls (D:3)
  An ooze (D:1)
  A worm (D:2)
  2 dart slugs (D:1)
  4 leopard geckos
  3 orcs (D:4)
  5 bats
  4 giant cockroaches (D:1)
  3 goblins (D:1)
  6 hobgoblins
  12 jackals
  4 quokkas
  4 frilled lizards
  7 kobolds
  7 rats (D:1)
73 creatures vanquished.

Vanquished Creatures (others)
  4 toadstools (D:1)
4 creatures vanquished.

Grand Total: 77 creatures vanquished

Notes
Turn   | Place    | Note
-------+----------+-------------------------------------------
     0 | D:1      | Chiseanne the Mummy Archaeologist began the quest for the
                  | Orb.
     0 | D:1      | Reached XP level 1. HP: 15/15 MP: 1/1
   232 | D:1      | Reached XP level 2. HP: 21/21 MP: 2/2
   595 | D:1      | Reached XP level 3. HP: 27/27 MP: 3/3
   970 | D:2      | Noticed an ogre
  1954 | D:3      | Reached XP level 4. HP: 13/34 MP: 4/4
  2522 | D:3      | Reached XP level 5. HP: 12/41 MP: 5/5
  2522 | D:3      | Identified a scroll of acquirement
  2523 | D:3      | Reached skill level 1 in Armour
  2725 | D:3      | Identified the +0 longbow of Plog {elec, rF+ Int+4} (You
                  | acquired it on level 3 of the Dungeon)
  2783 | D:3      | Reached skill level 1 in Axes
  3105 | D:4      | Noticed a sky beast
  3134 | D:4      | Slain by a sky beast

Skill      XL: |  1  2  3  4  5 |
---------------+----------------+-----
Fighting       | 2 3 |  3.4
Dodging        | 3 |  3.8
Armour         | 1 |  1.4
Axes           | 1 |  1.4
Maces & Flails | |  0.7
Stealth        | |  2.6

Action                   |  1- 3 |  4- 6 || total
-------------------------+-------+-------++-------
Melee: Hand axe          |   150 |   132 ||   282
       Whip              |     6 |       ||     6
  Use: Scroll            |     7 |     1 ||     8
 Stab: Sleeping          |     5 |     1 ||     6
Armor: Robe              |    59 |       ||    59
       Ring mail         |    16 |    81 ||    97
Dodge: Dodged            |   134 |   102 ||   236
